 Dungeon Crawl Stone Soup version 0.19.5 (webtiles) character file.

301 Jerry the Grave Robber (level 6, -2/41 HPs)
             Began as a Mummy Necromancer on Apr 11, 2017.
             Was an Initiate of Sif Muna.
             Killed from afar by an orc wizard (7 damage)
             ... with a magic dart
             ... on level 4 of the Dungeon.
             The game lasted 00:15:17 (4923 turns).

Jerry the Grave Robber (Mummy Necromancer)          Turns: 4923, Time: 00:15:17

Health: -2/41      AC:  5    Str: 11    XL:     6   Next: 14%
Magic:  11/11      EV: 12    Int: 16    God:    Sif Muna [......]
Gold:   284        SH:  0    Dex: 13    Spells: 4 memorised, 3 levels left

rFire  . . .     SeeInvis .     c - +2 dagger (venom)
rCold  + . .     Gourm    .     a - +0 robe
rNeg   + + +     Faith    .     (no shield)
rPois  ∞         Spirit   .     g - +0 helmet
rElec  .         Reflect  .     j - +0 cloak
rCorr  .         Harm     .     (no gloves)
MR     .....                    d - +0 pair of boots
Stlth  +++.......               (no amulet)
                                l - ring of stealth
                                m - ring of protection from fire

@: no status effects
A: no food or potions, fire vulnerability, cold resistance 1, negative energy
resistance 3, torment resistance, unbreathing
a: Renounce Religion


You were on level 4 of the Dungeon.
You worshipped Sif Muna.
Sif Muna was noncommittal.
You were not hungry.

You visited 1 branch of the dungeon, and saw 4 of its levels.

You collected 284 gold pieces.

Inventory:

Hand Weapons
 c - a +2 dagger of venom (weapon)
Armour
 a - a +0 robe (worn)
 d - a +0 pair of boots (worn)
 g - a +0 helmet (worn)
 j - a +0 cloak (worn)
Jewellery
 i - an uncursed ring of resist corrosion
 l - a ring of stealth (right hand)
 m - a ring of protection from fire (left hand)
Wands
 h - a wand of lightning (6/15)
 n - a wand of lightning (8/15)
Scrolls
 e - a scroll of fog {unknown}
 f - 5 scrolls of identify {unknown}
 k - a scroll of blinking {unknown}
 o - a scroll of recharging {unknown}
Books
 b - a book of Necromancy

   Spells                             Type                      Level
   a - Pain                           Necromancy                   1
   b - Animate Skeleton               Necromancy                   1
   c - Vampiric Draining              Necromancy                   3
   d - Regeneration                   Charms/Necromancy            3
   e - Animate Dead                   Necromancy                   4
   f - Control Undead                 Necromancy                   4


   Skills:
 - Level 1.5 Dodging
 + Level 3.4 Stealth
 + Level 3.7 Spellcasting
 + Level 5.5 Necromancy


You had 3 spell levels left.
You knew the following spells:

 Your Spells              Type           Power        Failure   Level  Hunger
a - Pain                  Necr           ###.         1%          1    N/A
b - Animate Skeleton      Necr           N/A          1%          1    N/A
c - Vampiric Draining     Necr           ###.......   8%          3    N/A
d - Control Undead        Necr           ###.......   21%         4    N/A

Dungeon Overview and Level Annotations

Branches:
Dungeon (4/15)
 Temple: D:4-7

Altars:
Sif Muna
Zin

Annotations:
D:4 Dumah's ghost, novice HOFi


Innate Abilities, Weirdness & Mutations

You do not eat or drink.
Your flesh is vulnerable to fire.
You are immune to poison.
Your flesh is cold resistant. (rC+)
You are immune to negative energy. (rN+++)
You are immune to unholy pain and torment.
You can survive without breathing.


Message History

The orc closely misses you. The orc priest hits you with a flail!
The jackal barks!
The jackal bites you but does no damage.
The orc hits you but does no damage.
The orc wizard casts a spell.
The orc wizard flickers and vanishes!
Deactivating autopickup; reactivate with Ctrl-A.
The jackal bites you but does no damage.
The jackal misses you.
The orc wizard gestures wildly while chanting.
The orc wizard blinks!
The jackal bites you but does no damage.
The orc priest invokes the aid of Beogh against you.
Beogh smites you!
* * * LOW HITPOINT WARNING * * *
The jackal bites you.
* * * LOW HITPOINT WARNING * * *
The orc wizard points at you and mumbles some strange words.
The magic dart hits you!
You die...

#......+ #.#
#......# #.#
#......# #.#
#......# #.#
####......# #.#.#
...........o# #.#.#
............###.#.#
.....<..........#.#
#...##..@......#.#
#......hhoh....#.#
#........oo....#.###
#.......o.o........#
...##>............#
.. #)............# .
#.............#
##)............#
+........(.#+###


You could see an orc priest, an orc wizard, 4 orcs and 3 jackals.

Vanquished Creatures
  An orc priest (D:3)
  An orc wizard (D:3)
  Crazy Yiuf (D:2)
  3 gnolls
  4 adders
  2 oozes
  3 worms
  A dart slug (D:3)
  2 leopard geckos (D:1)
  12 orcs
  A ball python (D:3)
  5 giant cockroaches
  13 goblins
  6 hobgoblins
  A quokka (D:3)
  5 bats
  4 frilled lizards
  4 kobolds
  7 rats
76 creatures vanquished.

Vanquished Creatures (collateral kills)
  A phantom (D:4)
  A giant cockroach (D:4)
  A goblin (D:1)
3 creatures vanquished.

Vanquished Creatures (others)
  A hobgoblin (D:3)
1 creature vanquished.

Grand Total: 80 creatures vanquished

Notes
Turn   | Place    | Note
-------+----------+-------------------------------------------
     0 | D:1      | Jerry the Mummy Necromancer began the quest for the Orb.
     0 | D:1      | Reached XP level 1. HP: 13/13 MP: 3/3
   207 | D:1      | Reached XP level 2. HP: 12/19 MP: 5/5
   387 | D:1      | Learned a level 1 spell: Animate Skeleton
   763 | D:1      | Reached XP level 3. HP: 24/24 MP: 6/6
  1209 | D:1      | Learned a level 3 spell: Vampiric Draining
  1718 | D:2      | Found a runed door.
  1837 | D:2      | Found a glowing silver altar of Zin.
  1843 | D:2      | Found a deep blue altar of Sif Muna.
  1844 | D:2      | Reached XP level 4. HP: 30/30 MP: 8/8
  2201 | D:2      | Noticed Crazy Yiuf
  2226 | D:2      | Killed Crazy Yiuf
  2389 | D:2      | Became a worshipper of Sif Muna the Loreminder
  2534 | D:3      | HP: 1/30 [orc/short sword (2)]
  2535 | D:3      | Reached XP level 5. HP: 1/35 MP: 6/10
  2785 | D:3      | Reached skill level 5 in Necromancy
  2872 | D:3      | Learned a level 4 spell: Control Undead
  4462 | D:4      | Noticed a phantom
  4462 | D:4      | Noticed Dumah's ghost (novice HOFi)
  4560 | D:4      | Killed a phantom
  4560 | D:4      | Reached XP level 6. HP: 13/41 MP: 5/11
  4923 | D:4      | Killed from afar by an orc wizard

Skill      XL: |  1  2  3  4  5 |
---------------+----------------+-----
Stealth        | 2 3 |  3.4
Spellcasting   | 3 |  3.7
Necromancy     | 5 |  5.5
Dodging        | |  1.5

Action                   |  1- 3 |  4- 6 || total
-------------------------+-------+-------++-------
Melee: Dagger            |    78 |    75 ||   153
 Cast: Pain              |    18 |    32 ||    50
       Animate Skeleton  |     8 |     5 ||    13
       Control Undead    |       |     4 ||     4
       Vampiric Draining |       |     1 ||     1
 Stab: Sleeping          |     6 |     7 ||    13
Armor: Robe              |    21 |    18 ||    39
Dodge: Dodged            |    64 |    70 ||   134
